 Dungeon Crawl Stone Soup version 0.24-a0-809-g71cb82dfb8 (webtiles) character file.

Game seed: 5601735095742425044, levelgen mode: deterministic

58996 Arixos the Fighter (level 14, -2/116 HPs)
             Began as a Mummy Monk on Oct 11, 2019.
             Was an Elder of Wu Jian.
             Slain by a white ugly thing (8 damage)
             ... on level 15 of the Dungeon.
             The game lasted 02:37:00 (24993 turns).

Arixos the Fighter (Mummy Monk)                    Turns: 24993, Time: 02:37:00

Health: -2/116     AC: 24    Str: 19    XL:     14   Next: 51%
Magic:  21/21      EV: 11    Int: 10    God:    Wu Jian [****..]
Gold:   954        SH:  4    Dex: 14    Spells: 13/13 levels left

rFire    . . .     SeeInvis .   s - +3 lajatang (drain)
rCold    + . .     Gourm    .   (shield currently unavailable)
rNeg     + + +     Faith    .   t - +0 plate armour
rPois    ∞         Spirit   .   w - +2 helmet
rElec    +         Reflect  +   r - +0 cloak
rCorr    .         Harm     .   B - +1 pair of gloves
MR       ++...                  a - +0 pair of boots
Stlth    ..........             p - +4 amulet of reflection
HPRegen  0.29/turn              u - ring "Kaucw" {*Drain rElec rF+ AC+1}
MPRegen  0.17/turn              D - ring of protection from magic

@: no status effects
A: no food or potions, fire vulnerability, cold resistance 1, negative energy
resistance 3, torment resistance, unbreathing, in touch with death 1
a: Wall Jump, Serpent's Lash, Renounce Religion


You were on level 15 of the Dungeon.
You worshipped Wu Jian.
Wu Jian was greatly pleased with you.
You were not hungry.

You visited 4 branches of the dungeon, and saw 22 of its levels.
You also visited: Ice Cave and Volcano.

You collected 1156 gold pieces.
You spent 202 gold pieces at shops.

Inventory:

Hand Weapons
 d - a +2 eveningstar of flaming
 s - a +3 lajatang of draining (weapon)
Missiles
 g - 3 curare-tipped darts
 l - 2 atropa-tipped darts
 n - 43 poisoned darts (quivered)
 C - 13 boomerangs
Armour
 a - a +0 pair of boots (worn)
 r - a +0 cloak (worn)
 t - a +0 plate armour (worn)
 w - a +2 helmet (worn)
 B - a +1 pair of gloves (worn)
Magical Staves
 G - an uncursed staff of cold {unknown}
Jewellery
 k - an uncursed ring of protection from cold
 p - a +4 amulet of reflection (around neck)
 u - the ring "Kaucw" (left hand) {*Drain rElec rF+ AC+1}
   (You bought it in a shop on level 8 of the Dungeon)

   [ring of protection]

   It affects your AC (+1).
   It protects you from fire.
   It insulates you from electricity.
   It causes draining when unequipped.
 D - a ring of protection from magic (right hand)
 F - an uncursed ring of see invisible
Wands
 f - a wand of digging (9)
 x - a wand of paralysis (2)
 y - a wand of flame (71)
 z - a wand of random effects (20)
 E - a wand of acid (8)
 I - a wand of disintegration (11)
Scrolls
 b - 2 scrolls of identify
 c - 4 scrolls of teleportation
 e - 6 scrolls of fog
 h - 5 scrolls of magic mapping
 m - 3 scrolls of fear
 o - 8 scrolls of remove curse
 q - 3 scrolls of amnesia
 J - a scroll of blinking
 K - a scroll of summoning
Miscellaneous
 j - a lamp of fire
 H - a fan of gales


   Skills:
 + Level 12.4 Fighting
   Level 2.4(6.1) Polearms
 + Level 8.8(9.0) Staves
 + Level 10.3 Armour
 + Level 10.6 Dodging
 - Level 1.5 Stealth
 + Level 9.5 Evocations


You had 13 spell levels left.
You didn't know any spells.
Your spell library contained the following spells:

 Spells                   Type           Power        Failure   Level  Hunger
 Animate Skeleton         Necr           N/A          100%        1    N/A
 Pain                     Necr           #...         100%        1    N/A
 Vampiric Draining        Necr           #.........   100%        3    N/A
 Animate Dead             Necr           N/A          100%        4    N/A
 Regeneration             Chrm/Necr      Unusable     N/A         3    N/A

Dungeon Overview and Level Annotations

Branches:
Dungeon (12/15)            Temple (1/1) D:6            Lair (6/6) D:9
 Shoals (0/4) Lair:3       Spider (0/4) Lair:4        Slime (0/5) Lair:5
    Orc (1/2) D:9           IceCv (visited)         Volcano (visited)

Altars:
Ashenzari
Cheibriados
Dithmenos
Elyvilon
Fedhas
Gozag
Hepliaklqana
Kikubaaqudgha
Makhleb
Nemelex Xobeh
Okawaru
Qazlal
Ru
Sif Muna
Trog
Uskayaw
Vehumet
Wu Jian
Xom
Yredelemnul
Zin
The Shining One
Jiyva

Shops:
D:8 =

Annotations:
D:9 !Jorgrun earth mage next to orcish stairs
Lair:2 exclusion: 2 oklob plants
Orc:1 Jorgrun


Innate Abilities, Weirdness & Mutations

You do not eat or drink.
Your flesh is vulnerable to fire.
You are immune to poison.
Your flesh is cold resistant. (rC+)
You are immune to negative energy. (rN+++)
You are immune to unholy pain and torment.
You can survive without breathing.
You are in touch with the powers of death.


Message History

You slash the white ugly thing! You drain the white ugly thing.
The white ugly thing is severely wounded.
Your plate armour prevents you from hitting the white ugly thing.
The white ugly thing is severely wounded.
The white ugly thing pecks you.
* * * LOW HITPOINT WARNING * * *
The white ugly thing freezes you! You resist.
* * * LOW HITPOINT WARNING * * *
Press: ? - help, v - describe, . - travel The floor, spattered with blood.
Evoke which item? (* to show all) (? for menu, Esc to quit)
Aiming: Throw Flame
Press: ? - help, Shift-Dir - straight line, f - white ugly thing, p - white ugly thing
Aim: a white ugly thing (severely wounded, lightly drained)
The puff of flame hits the white ugly thing.
The white ugly thing is severely wounded.
The white ugly thing pecks you.
* * * LOW HITPOINT WARNING * * *
The white ugly thing freezes you! You resist.
You die...

#.################
#.$.....@u........
#........u........
#.################


You could see 2 ugly things.

Vanquished Creatures
  Gastronok (Lair:3)
  A dire elephant (Lair:6)
  5 hydras
  A catoblepas (Lair:6)
  A deep troll shaman (Lair:6)
  5 death yaks (Lair:6)
  3 two-headed ogres
  A tengu warrior (D:15)
  An ogre mage (D:15)
  A deep elf knight (D:15)
  An unseen horror (D:11)
  Pikel (D:8)
  A lindwurm (Lair:6)
  3 ugly things
  A manticore (D:12)
  An orc sorcerer (D:15)
  17 elephants
  3 merfolk sirens (Lair:3)
  6 black mambas
  10 spiny frogs
  2 gargoyles (Volcano)
  6 komodo dragons
  2 rime drakes
  An efreet (Volcano)
  A merfolk (Lair:3)
  3 meliai (D:15)
  3 trolls
  Grinder (D:5)
  A polar bear (Lair:6)
  Prince Ribbit (D:7)
  8 dream sheep
  4 slime creatures (D:12)
  7 hippogriffs
  2 wyverns
  A vampire (D:10)
  2 wraiths (D:12)
  A shadow (D:12)
  50 yaks
  2 hungry ghosts
  Menkaure (D:7)
  2 basilisks
  3 vampire mosquitoes (D:12)
  Duvessa (D:4)
  An acid dragon (D:11)
  A soldier ant (D:12)
  13 porcupines
  11 water moccasins
  A hornet zombie (D:12)
  6 black bears
  4 orc warriors
  4 slaves (D:8)
  7 ice beasts
  5 sky beasts
  4 phantoms
  4 ogres
  21 wolves
  5 centaurs
  18 crocodiles
  5 big kobolds
  17 bullfrogs
  Dowan (D:4)
  A wyvern skeleton (D:12)
  5 scorpions
  4 killer bees (D:8)
  3 wights (D:6)
  2 howler monkeys
  An electric eel (Lair:1)
  3 crimson imps
  A centaur zombie (D:7)
  2 bullfrog zombies
  A jelly (D:11)
  2 quasits (D:10)
  A bullfrog skeleton (D:11)
  2 centaur skeletons
  A gnoll shaman (D:8)
  4 hounds
  4 orc priests
  11 orc wizards
  2 iguanas
  Jessica (D:3)
  6 worker ants
  2 hound skeletons
  3 gnolls (D:8)
  A howler monkey zombie (D:9)
  11 adders
  A howler monkey skeleton (D:4)
  3 shadow imps
  12 white imps (Lair:4)
  An ooze (D:3)
  An adder zombie (D:8)
  A worm (D:3)
  3 leopard geckos
  50 orcs
  3 ball pythons
  5 bats
  4 giant cockroaches
  5 hobgoblins
  7 jackals
  A quokka (D:2)
  A ball python skeleton (D:6)
  8 frilled lizards
  A giant cockroach zombie (D:6)
  6 goblins
  A jackal skeleton (D:5)
  13 kobolds
  A quokka skeleton (D:10)
  4 rats
503 creatures vanquished.

Vanquished Creatures (collateral kills)
  A scorpion (D:7)
  A wight (D:6)
  A bullfrog skeleton (D:6)
  An orc wizard (D:7)
  2 orcs (D:7)
6 creatures vanquished.

Vanquished Creatures (others)
  A jelly (D:15)
  A bat (D:2)
  28 fungi
  7 plants
37 creatures vanquished.

Grand Total: 546 creatures vanquished

Notes
Turn   | Place    | Note
-------+----------+-------------------------------------------
     0 | D:1      | Arixos the Mummy Monk began the quest for the Orb.
     0 | D:1      | Reached XP level 1. HP: 18/18 MP: 1/1
   286 | D:1      | Reached XP level 2. HP: 20/24 MP: 2/2
   602 | D:1      | You fall into a shaft and drop 1 floor!
   632 | D:2      | Reached skill level 1 in Armour
   669 | D:2      | Found a radiant altar of Vehumet.
   943 | D:2      | Reached XP level 3. HP: 28/29 MP: 3/3
  1194 | D:2      | Reached XP level 4. HP: 29/37 MP: 4/4
  1565 | D:3      | Reached skill level 4 in Fighting
  1678 | D:3      | Reached XP level 5. HP: 36/42 MP: 5/5
  1962 | D:3      | Noticed Jessica
  1990 | D:3      | Killed Jessica
  2348 | D:3      | Found an opulent altar of Gozag.
  2736 | D:4      | Reached XP level 6. HP: 43/49 MP: 6/6
  2766 | D:4      | Noticed Dowan
  2770 | D:4      | Noticed Duvessa
  2791 | D:4      | Killed Duvessa
  2801 | D:4      | Killed Dowan
  2801 | D:4      | Reached skill level 5 in Fighting
  3352 | D:4      | Reached XP level 7. HP: 56/56 MP: 7/7
  3481 | D:5      | Entered Level 5 of the Dungeon
  3675 | D:5      | Found a basalt altar of Yredelemnul.
  3763 | D:5      | Noticed Grinder
  3774 | D:5      | Paralysed by Grinder for 3 turns
  3844 | D:5      | Paralysed by Grinder for 6 turns
  3851 | D:5      | Killed Grinder
  3993 | D:5      | Found a snail-covered altar of Cheibriados.
  4032 | D:5      | Found a blossoming altar of Fedhas.
  4113 | D:5      | Reached skill level 6 in Fighting
  4318 | D:5      | Reached skill level 5 in Dodging
  4318 | D:5      | Reached XP level 8. HP: 57/64 MP: 8/8
  4488 | D:5      | Reached skill level 1 in Evocations
  5363 | D:6      | You fall into a shaft and drop 1 floor!
  5451 | D:7      | Noticed Prince Ribbit
  5705 | D:7      | Reached skill level 5 in Armour
  5797 | D:7      | Reached skill level 7 in Fighting
  6134 | D:6      | Reached XP level 9. HP: 69/72 MP: 11/11
  6401 | D:6      | Found a staircase to the Ecumenical Temple.
  6427 | Temple   | Entered the Ecumenical Temple
  6513 | Temple   | Became a worshipper of the Wu Jian Council
  6513 | Temple   | Reached * piety under Wu Jian
  6513 | Temple   | Reached ** piety under Wu Jian
  7203 | D:6      | Found a stormy altar of Qazlal.
  7491 | D:7      | Killed Prince Ribbit
  7625 | D:7      | Reached skill level 1 in Staves
  7831 | D:7      | Noticed Menkaure
  7840 | D:7      | Killed Menkaure
  8467 | D:8      | Reached skill level 8 in Fighting
  8646 | D:8      | Noticed Pikel
  8718 | D:7      | Reached *** piety under Wu Jian
  9160 | D:8      | Reached XP level 10. HP: 80/80 MP: 13/13
  9271 | D:8      | Found Xujaunumi's Jewellery Shop.
  9279 | D:8      | Bought the ring "Kaucw" {*Drain rElec rF+ AC+1} for 202
                  | gold pieces
  9541 | D:8      | Killed Pikel
  9584 | D:9      | Noticed a two-headed ogre
 10044 | D:9      | Noticed a three-headed hydra
 10064 | D:8      | Killed a one-headed hydra
 10064 | D:8      | Reached skill level 5 in Evocations
 10379 | D:9      | Killed a two-headed ogre
 10379 | D:9      | Reached skill level 9 in Fighting
 10582 | D:9      | Reached XP level 11. HP: 89/89 MP: 15/15
 10615 | D:9      | Found a staircase to the Orcish Mines.
 10635 | D:9      | Found a staircase to the Lair.
 11314 | Lair:1   | Entered Level 1 of the Lair of Beasts
 11550 | Lair:1   | Noticed an eight-headed hydra
 11568 | Lair:1   | Killed a one-headed hydra
 12063 | Lair:1   | Noticed a four-headed hydra
 12074 | Lair:1   | Killed a one-headed hydra
 12778 | Lair:1   | Noticed a five-headed hydra
 12789 | Lair:1   | Killed a one-headed hydra
 12789 | Lair:1   | Reached skill level 5 in Staves
 13148 | Lair:1   | Reached **** piety under Wu Jian
 13849 | Lair:2   | Noticed an oklob plant
 13849 | Lair:2   | Noticed an oklob plant
 14018 | Lair:2   | Reached skill level 10 in Fighting
 14288 | Lair:2   | Noticed an eight-headed hydra
 14641 | Lair:3   | Noticed Gastronok
 14920 | Lair:2   | Reached XP level 12. HP: 70/97 MP: 17/17
 15172 | Lair:2   | Killed a one-headed hydra
 15741 | Lair:3   | Found a staircase to the Shoals.
 16270 | Lair:3   | Killed Gastronok
 16936 | Lair:4   | Found a frozen archway.
 16960 | IceCv    | Entered an ice cave
 16963 | IceCv    | Identified a scroll of acquirement
 16969 | IceCv    | Found a transporter.
 16980 | IceCv    | Reached ***** piety under Wu Jian
 17567 | Lair:4   | Found a hole to the Spider Nest.
 17594 | Lair:4   | Reached skill level 11 in Fighting
 17735 | Lair:4   | Gained mutation: You are in touch with the powers of death.
                  | [Mummy growth]
 17735 | Lair:4   | Reached XP level 13. HP: 100/106 MP: 18/18
 18825 | Lair:5   | Found a dark tunnel.
 18834 | Volcano  | Entered a volcano
 19443 | Lair:5   | Found a staircase to the Slime Pits.
 19443 | Lair:5   | Found a viscous altar of Jiyva.
 19857 | Lair:6   | Entered Level 6 of the Lair of Beasts
 20245 | Lair:6   | HP: 1/106 [crocodile (13)]
 20971 | Lair:6   | Reached skill level 10 in Dodging
 21834 | Lair:6   | Reached skill level 12 in Fighting
 21834 | Lair:6   | Reached XP level 14. HP: 30/115 MP: 20/20
 22269 | Lair:6   | Reached skill level 10 in Armour
 22935 | Orc:1    | Entered Level 1 of the Orcish Mines
 22935 | Orc:1    | Noticed Jorgrun
 22949 | D:10     | Entered Level 10 of the Dungeon
 24944 | D:12     | You fall into a shaft and drop 2 floors!
 24947 | D:14     | You fall into a shaft and drop 1 floor!
 24947 | D:15     | Entered Level 15 of the Dungeon
 24993 | D:15     | Slain by a white ugly thing

Levels and vault maps discovered:
D:1:      minmay_arrival_radiant_lines, layout_loops_ring
D:2:      layout_basic, fiery_altar_vehumet
D:3:      layout_rooms, nicolae_gozag_seed_capital, serial_glass,
          glass_columns_b, glass_columns_a, minmay_increasing_density,
          uniq_jessica
D:4:      layout_loops_ring, uniq_duvessa
D:5:      layout_loops_ring, lemuel_crystal_altar, fedhas_altar_4, first_ration,
          basic_altar, uniq_grinder
D:6:      layout_rooms, lemuel_coloured_pillars_altar, temple_green
D:7:      layout_basic, minmay_quadrilaterals, uniq_prince_ribbit1,
          uniq_menkaure
D:8:      layout_basic, serial_shops, shop, uniq_pikel
D:9:      layout_basic, due_lair_maze_entry_diamond, orc_0_dummy,
          hangedman_ranch [blue_anna_fruit_fields]
D:10:     layout_roguey
D:11:     layout_small_grid
D:12:     layout_gridville
D:14:     layout_small_grid, minmay_tree_intersection, minmay_librarian
D:15:     hangedman_depths_entry_civil_slaughter, layout_long_grid,
          gammafunk_ghost_wrathful_warriors, lemuel_statue_altar
Temple:   minmay_crystal_spiral_temple
Lair:1:   layout_cave_pods, serial_bayou_shore_a, grunt_megastairs_1
Lair:2:   layout_chaotic_city, minmay_lair_oklob_chamber
Lair:3:   layout_chaotic_city, elwin_shoals_entry_stream, minmay_holes,
          beast_lair_carwin_5, lemuel_fruit_tree, uniq_gastronok
Lair:4:   layout_regular_city, spider_nest_entry_web_field,
          portal_ice_cave_entry_imps
Lair:5:   layout_regular_city, slime_altar_1, nicolae_volcano_entry_hallway
Lair:6:   grunt_lair_end_beastmaster, layout_cave_pods
Orc:1:    layout_diamond_mine, serial_shops, shop_fountains, minmay_shop_mayhem,
          nicolae_orc_rockfall, uniq_urug, uniq_jorgrun

Skill      XL: |  1  2  3  4  5  6  7  8  9 10 11 12 13 14 |
---------------+-------------------------------------------+-----
Armour         | 1 2 3 4 5 6 7 8 9 10 | 10.3
Dodging        | 3 4 5 6 7 8 9 10 | 10.6
Fighting       | 4 5 6 7 8 9 10 11 12 | 12.4
Evocations     | 2 4 5 6 7 8 9 |  9.5
Staves         | 2 4 5 7 8 |  8.8
Polearms       | |  2.4
Stealth        | |  1.5

Action                   |  1- 3 |  4- 6 |  7- 9 | 10-12 | 13-15 || total
-------------------------+-------+-------+-------+-------+-------++-------
Melee: Spear             |   122 |    13 |       |       |       ||   135
       Dagger            |       |   244 |   476 |       |       ||   720
       Lajatang          |       |       |   271 |   823 |   794 ||  1888
       Trident           |       |       |    13 |       |       ||    13
       Falchion          |       |       |       |    46 |       ||    46
Throw: Dart              |       |       |    15 |     4 |       ||    19
       Boomerang         |       |       |     3 |       |       ||     3
Invok: Whirlwind         |       |       |    19 |   359 |   364 ||   742
       Lunge             |       |       |    15 |    43 |   138 ||   196
       Heavenly Storm    |       |       |       |       |     2 ||     2
       Serpent's Lash    |       |       |       |       |     9 ||     9
 Abil: Wall Jump         |       |       |     6 |     3 |     4 ||    13
Evoke: Wand              |       |       |    14 |    14 |     8 ||    36
       Lamp of fire      |       |       |       |       |     1 ||     1
  Use: Scroll            |       |       |    15 |     9 |    17 ||    41
 Stab: Sleeping          |     1 |       |       |       |       ||     1
       Distracted        |       |       |     1 |       |       ||     1
       Paralysed         |       |       |       |     5 |     2 ||     7
       Petrified         |       |       |       |       |     7 ||     7
       Petrifying        |       |       |       |       |     1 ||     1
Armor: Robe              |     3 |       |       |       |       ||     3
       Chain mail        |    53 |   159 |   277 |       |       ||   489
       Plate armour      |       |       |   157 |   594 |   449 ||  1200
Dodge: Dodged            |    39 |   101 |   299 |   343 |   343 ||  1125
Block: Other             |       |       |    75 |   150 |   102 ||   327
       Reflection        |       |       |       |     2 |     2 ||     4
       Rpst.: Falchion   |       |       |       |     3 |       ||     3

Table legend:
 A = Non-vault XP
 B = Vault XP
 C = Vault XP percentage of total XP
 D = Non-vault monster count
 E = Vault monster count
 F = Vault count percentage of total count
                 A         B        C        D         E       F
            +---------+---------+-------+---------+---------+-------
      Total |   56219 |   28061 |  33.3 |     410 |      95 |  18.8
            +---------+---------+-------+---------+---------+-------
        D:1 |      28 |       0 |   0.0 |      16 |       0 |   0.0
        D:2 |     130 |       0 |   0.0 |      20 |       0 |   0.0
        D:3 |     100 |      63 |  38.7 |      27 |       5 |  15.6
        D:4 |     363 |     236 |  39.4 |      21 |       2 |   8.7
        D:5 |     634 |     295 |  31.8 |      11 |       1 |   8.3
        D:6 |     974 |       0 |   0.0 |      25 |       0 |   0.0
        D:7 |     968 |     638 |  39.7 |      19 |       5 |  20.8
        D:8 |    1385 |    1636 |  54.2 |      29 |       2 |   6.5
        D:9 |    1915 |    2391 |  55.5 |      12 |      17 |  58.6
       D:10 |    1034 |       0 |   0.0 |      11 |       0 |   0.0
       D:11 |    2811 |       0 |   0.0 |      22 |       0 |   0.0
       D:12 |    5290 |       0 |   0.0 |      42 |       0 |   0.0
       D:15 |    1593 |    3955 |  71.3 |       6 |       5 |  45.5
     Lair:1 |    4842 |     826 |  14.6 |      15 |       4 |  21.1
     Lair:2 |    4032 |     159 |   3.8 |      17 |       1 |   5.6
     Lair:3 |    5353 |    4496 |  45.6 |      24 |      10 |  29.4
     Lair:4 |    8528 |     672 |   7.3 |      31 |      13 |  29.5
     Lair:5 |    1261 |       0 |   0.0 |       6 |       0 |   0.0
     Lair:6 |   14978 |   10201 |  40.5 |      56 |      20 |  26.3
      IceCv |       0 |    1379 | 100.0 |       0 |       7 | 100.0
    Volcano |       0 |    1114 | 100.0 |       0 |       3 | 100.0
            +---------+---------+-------+---------+---------+-------
